 Dungeon Crawl Stone Soup version 0.29.1-2-gbd0b4ee654 (webtiles) character file.

Game seed: 15109792515482179869

129 kingsuperguy the Trooper (level 5, -4/47 HPs)
             Began as a Hill Orc Monk on Nov 14, 2022.
             Slain by an orc priest
             ... wielding a +3 morningstar
              (5 damage)
             ... on level 4 of the Dungeon.
             The game lasted 00:05:55 (2070 turns).

kingsuperguy the Trooper (Hill Orc Monk)            Turns: 2070, Time: 00:05:58

Health: -4/47      AC:  2    Str: 16    XL:     5   Next: 12%
Magic:  5/5        EV: 12    Int: 10    God:
Gold:   74         SH:  0    Dex: 13    Spells: 4/4 levels left

rFire   . . .      SeeInvis .   c - +2 flail (protect)
rCold   . . .      Faith    .   (no shield)
rNeg    . . .      Spirit   .   b - +0 robe
rPois   .          Reflect  .   (no helmet)
rElec   .          Harm     .   (no cloak)
rCorr   .          Rampage  .   (no gloves)
Will    .....                   (no boots)
Stlth   ++........              (no amulet)
HPRegen 0.15/turn               (no ring)
MPRegen 0.09/turn               (no ring)

@: no status effects
A: no striking features
a: Convert to Beogh


You were on level 4 of the Dungeon.
You visited 1 branch of the dungeon, and saw 4 of its levels.

You collected 74 gold pieces.

Inventory:

Hand Weapons
 a - a +0 hand axe
 c - a +2 flail of protection (weapon)
 i - a +2 short sword of freezing
 k - a +0 halberd
Missiles
 h - 43 stones (quivered)
Armour
 b - a +0 robe (worn)
Scrolls
 d - 2 scrolls of enchant armour {unknown}
 e - 3 scrolls of identify {unknown}
 f - a scroll of blinking {unknown}
Potions
 l - 2 potions of invisibility {unknown}
 m - a potion of heal wounds {unknown}
 n - a potion of curing {unknown}


   Skills:
 + Level 4.7 Fighting
 - Level 1.0 Short Blades
 - Level 4.5(4.6) Axes
 * Level 1.2(2.6) Maces & Flails
 + Level 0.1 Throwing
 + Level 3.0 Dodging
 + Level 2.4 Stealth


You had 4 spell levels left.
You didn't know any spells.
Your spell library was empty.

Dungeon Overview and Level Annotations

Branches:
Dungeon (4/15)
 Temple: D:4-7

Altars:
Elyvilon
Ru

Annotations:
D:3 Sigmund
D:4 3 runed translucent doors


Message History

You are poisoned.
The adder poisons you!
You feel sick. The adder misses you.
As you read the scroll of teleportation, it crumbles to dust.
You feel strangely unstable.
You feel sick. The adder bites you.
* * * LOW HITPOINT WARNING * * *
You are more poisoned.
The adder poisons you! The orc misses you.
You feel sick.
The orc priest looks braver for a moment.
The adder attacks as you move away! The adder bites you but does no damage.
You feel sick. The adder bites you.
* * * LOW HITPOINT WARNING * * *
Your surroundings suddenly seem different. 2 orcs and an adder come into view.
Found a bronze wand.
Found a sacrificial altar of Ru.
* * * LOW HITPOINT WARNING * * *
You feel sick.
As you read the scroll of teleportation, it crumbles to dust.
You feel strangely unstable.
* * * LOW HITPOINT WARNING * * *
You feel sick.
The orc shouts!
You hear a shout!
The orc shouts!
An orc comes into view. It is wielding a +0 whip.
The adder hisses angrily.
Okay, then.
* * * LOW HITPOINT WARNING * * *
You feel sick.
* * * LOW HITPOINT WARNING * * *
You feel sick. The adder attacks as you move away!
The adder closely misses you.
* * * LOW HITPOINT WARNING * * *
You feel sick. The adder attacks as you move away!
The adder bites you but does no damage.
Your surroundings suddenly seem different.
* * * LOW HITPOINT WARNING * * *
You feel sick.
You are no longer poisoned.
The orc priest threatens, "By the altar or by the axe, you will meet Beogh!"
The orc priest hits you with a +3 morningstar.
You die...

..## ...## # ####..... #
####....... # #.#..(...# .. ##
###.##.....##.. .#####
#####.............. ...#.##
###.#.....#..........
......####......@o.#..(...###.
......##....S...##..#.).......
.......#.....#..##o.รท...###...
...###.......##o.Soo..........
#..##.........##....#####.....
#.............###.### .....
..........##..##### ....
................# #(..
##.........#....# ...#.. #....


You could see an orc priest, an adder (wandering) and an orc.

Vanquished Creatures
  An orc priest (D:4)
  A hound (D:4)
  4 adders
  A dart slug (D:2)
  6 ball pythons
  5 endoplasms
  4 hobgoblins
  4 jackals
  2 kobolds
  A frilled lizard (D:2)
  4 goblins
  A rat (D:2)
34 creatures vanquished.

Notes
Turn   | Place    | Note
-------+----------+-------------------------------------------
     0 | D:1      | kingsuperguy the Hill Orc Monk began the quest for the Orb.
     0 | D:1      | Reached XP level 1. HP: 19/19 MP: 1/1
   483 | D:2      | Reached XP level 2. HP: 25/27 MP: 2/2
   624 | D:2      | Reached XP level 3. HP: 32/33 MP: 3/3
  1338 | D:3      | Noticed Sigmund
  1411 | D:4      | Reached XP level 4. HP: 31/41 MP: 4/4
  1417 | D:4      | Reached skill level 1 in Short Blades
  1639 | D:4      | Found a white marble altar of Elyvilon.
  1676 | D:4      | Noticed a steam dragon
  2053 | D:4      | Reached skill level 1 in Maces & Flails
  2053 | D:4      | Reached XP level 5. HP: 37/47 MP: 5/5
  2065 | D:4      | Found a sacrificial altar of Ru.
  2067 | D:4      | Found a runed translucent gate.
  2067 | D:4      | Found a runed translucent gate.
  2068 | D:4      | Found a runed translucent gate.
  2069 | D:4      | HP: 2/47 [poisoned by an adder]
  2070 | D:4      | Slain by an orc priest

Illustrated notes

Levels and vault maps discovered:
D:1:      minmay_arrival_four_loops, layout_loops_ring,
          ebering_ecumenical_altar_webs
D:2:      layout_loops_ring
D:3:      layout_loops_ring, lemuel_doored_altar, lemuel_crystal_altar,
          uniq_sigmund, uniq_ijyb, uniq_grinder
D:4:      layout_cave_pools, mainiacjoe_overflow_chevrons,
          mainiacjoe_overflow_surrounded_room, zin_purify,
          gammafunk_ghost_cemetery, kennysheep_generic_room_9

Skill      XL: |  1  2  3  4 |
---------------+-------------+-----
Fighting       | 4 |  4.7
Stealth        | 2 |  2.4
Short Blades   | 1 |  1.0
Maces & Flails | 1 |  1.2
Dodging        | 3 |  3.0
Axes           | |  4.5
Throwing       | |  0.1

Action                   |  1- 3 |  4- 6 || total
-------------------------+-------+-------++-------
Melee: Hand axe          |    34 |       ||    34
       Short sword       |    40 |     9 ||    49
       Flail             |       |    20 ||    20
Throw: Dart              |     1 |     3 ||     4
       Stone             |       |     4 ||     4
  Use: Scroll            |     2 |     2 ||     4
       Potion            |     1 |       ||     1
 Stab: Sleeping          |     4 |       ||     4
Armor: Robe              |    19 |    10 ||    29
Dodge: Dodged            |    56 |    27 ||    83
